cohdb
Replays
Latest Replays
All Replays
Popular Replays
Top Player Replays
Match Explorer
How It Works
Community
CoH3 Stats
Reddit
Sign in to upload your games and track your stats! →
Sign in with Steam
Match 42636349
Unlisted
Match 42636349
Overview
Messages
Build Orders
End
Royal Engineer Section
Construct Section Command Post
Selects Canadian Shock Battlegroup
Dingo Light Scout Car
Infantry Section
Infantry Section
Construct Platoon Command Post
Selects Attacking Spirit
Humber Armored Car
Selects Incendiary Munitions
6-pounder Anti-tank Gun Team
Infantry Training
Selects Pyrotechnics
Infantry Section
Construct Company Command Post
Foot Guards Section
Selects Canadian Shock Section
Selects Churchill Crocodile Heavy Tank
Churchill Crocodile Heavy Tank
Grenade Package
ML 3-inch Mortar Team
Selects Smoke Operation
Smoke Operation
Team Weapon Training
Team Weapon Training
Smoke Operation
Smoke Operation
.
KevinTDW
CrazyDuck
ch1nks always spam
0
0
Comments
sign in to comment!
No comments posted yet!